 Dungeon Crawl Stone Soup version 0.28.0-45-g0d030f2227 (webtiles) character file.

Game seed: 9842303810677603407

149 MisterFreud the Covert (level 5, -2/47 HPs)
             Began as a Gnoll Delver on May 22, 2022.
             Was an Initiate of Okawaru.
             Slain by an orc
             ... wielding a +0 mace
              (4 damage)
             ... on level 3 of the Dungeon.
             The game lasted 00:01:39 (325 turns).

MisterFreud the Covert (Gnoll Delver)                Turns: 325, Time: 00:01:40

Health: -2/47      AC:  4    Str: 12    XL:     5   Next: 31%
Magic:  7/7        EV: 13    Int: 11    God:    Okawaru [......]
Gold:   19         SH:  0    Dex: 13    Spells: 6/6 levels left

rFire   . . .      SeeInvis .   a - +0 short sword
rCold   . . .      Faith    .   (no shield)
rNeg    . . .      Spirit   .   b - +0 leather armour
rPois   .          Reflect  .   (no helmet)
rElec   .          Harm     .   (no cloak)
rCorr   .          Rampage  .   j - +0 pair of gloves
Will    .....                   (no boots)
Stlth   ++++......              (no amulet)
HPRegen 0.15/turn               (no ring)
MPRegen 0.10/turn               (no ring)

@: no status effects
A: fangs 1, strong nose, distributed training
a: Renounce Religion


You were on level 3 of the Dungeon.
You worshipped Okawaru.
Okawaru was noncommittal.
You visited 1 branch of the dungeon, and saw 4 of its levels.

You collected 19 gold pieces.

Inventory:

Hand Weapons
 a - a +0 short sword (weapon)
Missiles
 h - 3 boomerangs (quivered)
Armour
 b - a +0 leather armour (worn)
 j - a +0 pair of gloves (worn)
Wands
 g - a wand of digging (3)
Scrolls
 c - a scroll of fog
 d - a scroll of magic mapping
 e - a scroll of fear
 i - a scroll of amnesia {unknown}
 k - a scroll of acquirement {unknown}
Potions
 f - a potion of haste


   Skills:
 + Level 6.7 Fighting
 + Level 4.7 Short Blades
 + Level 1.4 Long Blades
 + Level 1.4 Axes
 + Level 1.4 Maces & Flails
 + Level 1.4 Polearms
 + Level 1.4 Staves
 + Level 1.4 Slings
 + Level 1.4 Bows
 + Level 1.4 Crossbows
 + Level 1.4 Throwing
 + Level 1.4 Armour
 + Level 4.7 Dodging
 + Level 9.7 Stealth
 + Level 1.4 Shields
 + Level 1.4 Unarmed Combat
 + Level 1.4 Spellcasting
 + Level 1.1 Conjurations
 + Level 1.1 Hexes
 + Level 1.1 Summonings
 + Level 1.1 Necromancy
 + Level 1.1 Translocations
 + Level 1.1 Transmutations
 + Level 1.1 Fire Magic
 + Level 1.1 Ice Magic
 + Level 1.1 Air Magic
 + Level 1.1 Earth Magic
 + Level 1.1 Poison Magic
 + Level 1.6 Invocations
 + Level 1.4 Evocations


You had 6 spell levels left.
You didn't know any spells.
Your spell library was empty.

Dungeon Overview and Level Annotations

Branches:
Dungeon (6/15)
 Temple: D:4-7

Altars:
Okawaru

Shops:
D:4 ?


Innate Abilities, Weirdness & Mutations

You have very sharp teeth.
Your uncanny sense of smell can sniff out nearby items.
Your experience applies equally to all skills.


Message History

The hobgoblin hits you but does no damage.
You hit the hobgoblin but do no damage.
The hobgoblin is severely wounded.
The orc hits you but does no damage.
You barely miss the hobgoblin.
The hobgoblin is severely wounded.
The hobgoblin misses you.
You hit the hobgoblin.
You kill the hobgoblin!
Okawaru accepts your kill. The orc barely misses you.
Things that are here:
20 arrows; a hobgoblin corpse You hit the orc but do no damage.
The orc closely misses you.
You puncture the orc!
You kill the orc!
Okawaru accepts your kill.
You hit the orc.
The orc is severely wounded.
The orc barely misses you.
You barely miss the orc.
The orc is severely wounded.
You barely miss the orc. You bite the orc.
The orc is almost dead.
The orc hits you with a +0 mace.
* * * LOW HITPOINT WARNING * * *
You completely miss the orc.
The orc is almost dead.
The orc closely misses you.
You closely miss the orc.
The orc is severely wounded.
The orc misses you.
You closely miss the orc.
The orc is severely wounded.
The orc hits you with a +0 mace.
* * * LOW HITPOINT WARNING * * *
You closely miss the orc.
The orc is severely wounded.
The orc hits you with a +0 mace.
You die...

## ### .. ... .#
#. #.# $# #. #.#
.# #. #.# #.####
#. #.###......
####.###.....)###
#....@o)".#...#..
#.##.####.#...#.#
#.####.#...#.#
#.....o....#.#
######.#.....# ##
#.#.....# .
##.#.....# .#
#........##.#
#..#........#


You could see an orc.

Vanquished Creatures
  A phantom (D:5)
  An iguana (D:6)
  A hound skeleton (D:4)
  2 adders
  An ufetubus (D:4)
  3 orcs (D:3)
  2 hobgoblins
  A quokka (D:4)
  A bat (D:3)
  A kobold (D:3)
  A rat (D:3)
15 creatures vanquished.

Vanquished Creatures (others)
  6 toadstools (D:4)
6 creatures vanquished.

Grand Total: 21 creatures vanquished

Notes
Turn   | Place    | Note
-------+----------+-------------------------------------------
     0 | D:5      | Reached skill level 9 in Stealth
     0 | D:5      | MisterFreud the Gnoll Delver began the quest for the Orb.
     0 | D:5      | Reached XP level 1. HP: 23/23 MP: 1/1
     1 | D:6      | Noticed an iguana
     4 | D:6      | Found an iron altar of Okawaru.
     5 | D:6      | Killed an iguana
     6 | D:6      | Reached XP level 2. HP: 29/29 MP: 2/2
     6 | D:6      | Reached XP level 3. HP: 35/35 MP: 3/3
    18 | D:6      | Became a worshipper of Warmaster Okawaru
    84 | D:5      | Noticed a phantom
    88 | D:5      | Killed a phantom
    89 | D:5      | Reached skill level 1 in Long Blades
    89 | D:5      | Reached skill level 1 in Axes
    89 | D:5      | Reached skill level 1 in Maces & Flails
    89 | D:5      | Reached skill level 1 in Polearms
    89 | D:5      | Reached skill level 1 in Staves
    89 | D:5      | Reached skill level 1 in Slings
    89 | D:5      | Reached skill level 1 in Bows
    89 | D:5      | Reached skill level 1 in Crossbows
    89 | D:5      | Reached skill level 1 in Throwing
    89 | D:5      | Reached skill level 1 in Armour
    89 | D:5      | Reached skill level 1 in Shields
    89 | D:5      | Reached skill level 1 in Unarmed Combat
    89 | D:5      | Reached skill level 1 in Spellcasting
    89 | D:5      | Reached skill level 1 in Conjurations
    89 | D:5      | Reached skill level 1 in Hexes
    89 | D:5      | Reached skill level 1 in Summonings
    89 | D:5      | Reached skill level 1 in Necromancy
    89 | D:5      | Reached skill level 1 in Translocations
    89 | D:5      | Reached skill level 1 in Transmutations
    89 | D:5      | Reached skill level 1 in Fire Magic
    89 | D:5      | Reached skill level 1 in Ice Magic
    89 | D:5      | Reached skill level 1 in Air Magic
    89 | D:5      | Reached skill level 1 in Earth Magic
    89 | D:5      | Reached skill level 1 in Poison Magic
    89 | D:5      | Reached skill level 1 in Invocations
    89 | D:5      | Reached skill level 1 in Evocations
    89 | D:5      | Reached XP level 4. HP: 41/41 MP: 3/5
    97 | D:4      | Found Nach's Magic Scroll Boutique.
   161 | D:4      | Reached XP level 5. HP: 47/47 MP: 6/6
   324 | D:3      | HP: 2/47 [orc/+0 mace (6)]
   325 | D:3      | Slain by an orc

Illustrated notes

Levels and vault maps discovered:
D:3:      layout_loops_ring
D:4:      cheibrodos_fertilizer, layout_loops_ring, serial_shops, shop,
          kennysheep_mini_moat, nicolae_lakefront_shop, serial_park_tiny_2,
          minmay_bisected
D:5:      layout_gridville, hellmonk_ghost_happy_afterlife,
          nicolae_shop_overcharged_wands, uniq_sigmund
D:6:      minmay_chambers_of_threes, layout_rooms, okawaru_ov_weapons_minmay,
          ashenzari_conservatory_becter, amcnicky_altar_gilded,
          lemuel_blue_sif_altar, grunt_temple_overflow_open,
          lemuel_temple_firewalk_b

Skill      XL: |  1  2  3 |
---------------+----------+-----
Stealth        | |  9.7
Long Blades    | 1 |  1.4
Axes           | 1 |  1.4
Maces & Flails | 1 |  1.4
Polearms       | 1 |  1.4
Staves         | 1 |  1.4
Slings         | 1 |  1.4
Bows           | 1 |  1.4
Crossbows      | 1 |  1.4
Throwing       | 1 |  1.4
Armour         | 1 |  1.4
Shields        | 1 |  1.4
Unarmed Combat | 1 |  1.4
Spellcasting   | 1 |  1.4
Conjurations   | 1 |  1.1
Hexes          | 1 |  1.1
Summonings     | 1 |  1.1
Necromancy     | 1 |  1.1
Translocations | 1 |  1.1
Transmutations | 1 |  1.1
Fire Magic     | 1 |  1.1
Ice Magic      | 1 |  1.1
Air Magic      | 1 |  1.1
Earth Magic    | 1 |  1.1
Poison Magic   | 1 |  1.1
Invocations    | 1 |  1.6
Evocations     | 1 |  1.4
Fighting       | |  6.7
Short Blades   | |  4.7
Dodging        | |  4.7

Action                   |  1- 3 |  4- 6 || total
-------------------------+-------+-------++-------
Melee: Short sword       |     2 |    59 ||    61
       Bite              |       |     7 ||     7
       Punch             |       |     2 ||     2
 Stab: Sleeping          |     2 |     6 ||     8
Armor: Leather armour    |       |    12 ||    12
Dodge: Dodged            |       |    37 ||    37
